 Dungeon Crawl Stone Soup version 0.30.1-11-g7821555f0a (webtiles) character file.

Game seed: 6854166144120348707

9 andronian the Charlatan (level 2, 0/23 HPs)
             Began as a Merfolk Artificer on Nov 27, 2023.
             Was a Follower of Wu Jian.
             Slain by an adder (2 damage)
             ... on level 2 of the Dungeon.
             The game lasted 00:01:05 (838 turns).

andronian the Charlatan (Merfolk Artificer)          Turns: 838, Time: 00:01:06

Health: 0/23       AC:  3    Str: 12    XL:     2   Next: 16%
Magic:  2/2        EV: 12    Int: 10    God:    Wu Jian [*.....]
Gold:   56         SH:  0    Dex: 14    Spells: 1/1 levels left

rFire   . . .        a - +0 club
rCold   . . .        (no shield)
rNeg    . . .        b - +0 leather armour
rPois   .            (no helmet)
rElec   .            (no cloak)
rCorr   .            (no gloves)
SInv    .            (no boots)
Will    .....        (no amulet)
Stlth   +            (no ring)
HPRegen 0.23/turn    (no ring)
MPRegen 0.08/turn

%: no passive effects
@: no status effects
A: (nimble swimmer 2), mertail
a: Renounce Religion


You were on level 2 of the Dungeon.
You worshipped Wu Jian.
Wu Jian was aware of your devotion.
You visited 1 branch of the dungeon, and saw 2 of its levels.

You collected 56 gold pieces.

Inventory:

Hand Weapons
 a - a +0 club (weapon)
Armour
 b - a +0 leather armour (worn)
 i - a +0 chain mail
Wands
 c - a wand of flame (15) (quivered)
 d - a wand of charming (15)
 e - a wand of iceblast (5)
Scrolls
 j - a scroll of identify {unknown}
 l - a scroll of teleportation {unknown}
Potions
 f - a potion of heal wounds {unknown}
 g - a potion of curing {unknown}
 h - a potion of resistance {unknown}
 k - a potion of attraction {unknown}


   Skills:
 + Level 2.4 Fighting
 - Level 0.6 Armour
 - Level 2.6 Dodging
 - Level 1.1 Stealth
 - Level 3.0 Evocations


You had one spell level left.
You didn't know any spells.
Your spell library contained the following spells:

 Spells                   Type           Power      Damage    Failure   Level
 Blink                    Tloc           0%         N/A       58%         2
 Manifold Assault         Tloc           0%         N/A       99%         4
 Storm Form               Tmut/Air       0%         N/A       100%        7


Dungeon Overview and Level Annotations

Branches:
Dungeon (2/15)

Altars:
Wu Jian


Innate Abilities, Weirdness & Mutations

((You are very nimble when in or above water. (Stealth+, EV+, Speed+++)))
Your lower body shifts to a powerful aquatic tail in water.


Message History

You hit the adder.
The adder is lightly wounded.
You feel sick. The adder barely misses you. The giant cockroach bites you.
The adder misses you.
You barely miss the adder.
The adder is lightly wounded.
You feel sick.
The giant cockroach bites you but does no damage.
The adder closely misses you. The giant cockroach barely misses you.
The adder bites you.
You are more poisoned.
The adder poisons you!
You hit the adder.
The adder is heavily wounded.
You feel sick. The adder bites you but does no damage.
The giant cockroach misses you.
You barely miss the adder.
The adder is heavily wounded.
You feel sick. The adder bites you.
* * * LOW HITPOINT WARNING * * *
The giant cockroach closely misses you. The adder barely misses you.
The giant cockroach closely misses you.
You closely miss the adder.
The adder is heavily wounded.
You feel sick. The adder bites you.
* * * LOW HITPOINT WARNING * * *
The giant cockroach bites you but does no damage.
The adder closely misses you.
You closely miss the adder.
The adder is heavily wounded.
* * * LOW HITPOINT WARNING * * *
You feel sick.
You are no longer poisoned.
The giant cockroach barely misses you. The adder closely misses you.
The giant cockroach barely misses you.
You closely miss the adder.
The adder is heavily wounded.
The adder misses you. The giant cockroach barely misses you.
The adder bites you.
You die...

.. .# # .. .###
# .. .## ... .
.. .. ..# .# #.
#. ..##.#.#
#.#..#.#.>.....
.......<.# #.#
#.#.###.###.#
.........@S##
#.#####...B.#
#.....#
........#
#.###.....#
......#
######## ## .#


You could see an adder and a giant cockroach.

Vanquished Creatures
  A ball python (D:1)
  2 bats (D:1)
  An endoplasm (D:2)
  A goblin (D:1)
  A quokka (D:1)
  2 rats (D:1)
8 creatures vanquished.

Notes
Turn   | Place    | Note
-------+----------+-------------------------------------------
     0 | D:1      | andronian the Merfolk Artificer began the quest for the
                  | Orb.
     0 | D:1      | Reached XP level 1. HP: 15/15 MP: 1/1
   364 | D:1      | Reached XP level 2. HP: 22/22 MP: 2/2
   400 | D:1      | You fall into a shaft and drop 1 floor!
   724 | D:1      | Found a faded altar of an unknown god.
   726 | D:1      | Prayed at the altar of an unknown god.
   726 | D:1      | Became a worshipper of the Wu Jian Council
   726 | D:1      | Reached * piety under Wu Jian
   838 | D:2      | Slain by an adder

Illustrated notes

Levels and vault maps discovered:
D:1:      elethiomel_arrival_maze, layout_loops_ring,
          chequers_ecumenical_altar_twisty, minmay_misc_feat_more_columns
D:2:      layout_loops_cross, basic_altar

Skill      XL: |  1 |
---------------+----+-----
Fighting       | 2 |  2.4
Armour         | |  0.6
Dodging        | |  2.6
Stealth        | |  1.1
Evocations     | |  3.0

Action                     || total
---------------------------++-------
  Melee: Club              ||    43
Ability: Whirlwind         ||     3
         Lunge             ||     1
   Stab: Sleeping          ||     2
 Armour: Leather armour    ||    22
  Dodge: Dodged            ||    42
